 Seeded DCSS version 0.29.1-1-gd02db6906a (webtiles) character file.

Game seed: 8800239265270809476 (custom seed)

1194 GigaChad the Protected (level 8, -6/70 HPs)
             Began as a Minotaur Fighter on Sept 27, 2022.
             Was a Follower of Ashenzari.
             Mangled by Pikel
             ... wielding a +0 whip of electrocution
              (9 damage)
             ... on level 6 of the Dungeon.
             The game lasted 00:09:56 (3645 turns).

GigaChad the Protected (Minotaur Fighter)           Turns: 3645, Time: 00:09:56

Health: -6/70      AC: 16    Str: 22    XL:     8   Next: 20%
Magic:  7/7        EV:  8    Int:  5    God:    Ashenzari [*.....]
Gold:   280        SH:  0    Dex: 11    Spells: 7/7 levels left

rFire   . . .      SeeInvis .   f - +3 quarterstaff (spect)
rCold   . . .      Faith    .   (shield currently unavailable)
rNeg    . . .      Spirit   .   x - +0 chain mail
rPois   .          Reflect  .   (helmet restricted)
rElec   .          Harm     .   z - +0 cloak of Ouranomancy {Alch, Melee} (curse)
rCorr   .          Rampage  .   t - +0 pair of gloves
Will    .....                   k - +0 pair of boots of Ashenzari's Omission {Comp, Melee} (curse)
Stlth   ..........              (no amulet)
HPRegen 0.21/turn               (no ring)
MPRegen 0.10/turn               (no ring)

@: no status effects
A: horns 2, retaliatory headbutt
a: Renounce Religion, Shatter the Chains


You were on level 6 of the Dungeon.
You worshipped Ashenzari.
Ashenzari was aware of your devotion.
You visited 2 branches of the dungeon, and saw 7 of its levels.

You collected 280 gold pieces.

Inventory:

Hand Weapons
 a - a +0 long sword
 f - a +3 spectral quarterstaff (weapon)
Missiles
 i - a throwing net (quivered)
Armour
 b - a +0 scale mail
 c - a +0 buckler
 k - the cursed +0 pair of boots of Ashenzari's Omission (worn) {Comp, Melee}
   (You found it on level 2 of the Dungeon)

   It has a curse which improves the following skills: Companions: Summonings
   and Necromancy.
   Melee Combat: Short Blades, Long Blades, Axes, Maces & Flails, Polearms,
   Staves and Unarmed Combat.
 t - a +0 pair of gloves (worn)
 x - a +0 chain mail (worn)
 z - the cursed +0 cloak of Ouranomancy (worn) {Alch, Melee}
   (You found it on level 5 of the Dungeon)

   It has a curse which improves the following skills: Alchemy: Poison Magic and
   Transmutations.
   Melee Combat: Short Blades, Long Blades, Axes, Maces & Flails, Polearms,
   Staves and Unarmed Combat.
Wands
 r - a wand of paralysis (10)
 y - a wand of flame (45)
Scrolls
 e - 2 scrolls of teleportation
 g - 2 scrolls of blinking
 h - 2 scrolls of noise
 q - 2 scrolls of magic mapping
 s - 2 scrolls of butterflies
 v - a scroll of vulnerability
 w - a scroll of enchant armour
 A - a scroll of immolation
 B - a scroll of identify
 D - a scroll of poison
Potions
 d - 2 potions of might
 j - a potion of degeneration
 l - a potion of invisibility
 m - a potion of mutation
 n - a potion of berserk rage
 o - a potion of heal wounds
 p - 5 potions of curing
 u - a potion of flight
 C - a potion of haste


   Skills:
 - Level 6.0 Fighting
 - Level 2.4(3.5) Long Blades
 + Level 11.3 Armour
 - Level 3.6 Shields


You had 7 spell levels left.
You didn't know any spells.
Your spell library contained the following spells:

 Spells                   Type           Power      Damage    Failure   Level
 Freeze                   Ice            0%         1d3       97%         1
 Sublimation of Blood     Necr           0%         N/A       99%         2
 Frozen Ramparts          Ice            0%         1d1       100%        3
 Inner Flame              Hex/Fire       0%         N/A       100%        3
 Anguish                  Hex/Necr       0%         N/A       100%        4
 Cause Fear               Hex            0%         N/A       100%        4
 Hailstorm                Conj/Ice       0%         3d3       100%        4
 Petrify                  Tmut/Erth      0%         N/A       100%        4
 Irradiate                Conj/Tmut      0%         3d11      100%        5
 Enfeeble                 Hex            0%         N/A       100%        7
 Discord                  Hex            0%         N/A       100%        8


Dungeon Overview and Level Annotations

Branches:
Dungeon (6/15)             Temple (1/1) D:4

Altars:
Ashenzari
Kikubaaqudgha
Qazlal
Trog
Yredelemnul
The Shining One

Annotations:
D:6 Pikel


Innate Abilities, Weirdness & Mutations

You have a pair of horns on your head.
You reflexively headbutt those who attack you in melee.


Message History

A lemure comes into view.
The lemure hits you but does no damage.
The lemure moves out of view.
You closely miss the lemure. The lemure hits you but does no damage.
The lemure shouts!
You sock the lemure!
The lemure is moderately wounded.
You sock Pikel! You headbutt Pikel, but do no damage.
Pikel is moderately wounded.
You closely miss Pikel.
Pikel is moderately wounded.
Pikel hits you with a +0 whip of electrocution.
You are electrocuted!
Pikel closely misses you.
You barely miss Pikel.
Pikel is moderately wounded.
Pikel says, "You'll make a fine lemure."
Pikel hits you but does no damage.
You completely miss Pikel.
Pikel is moderately wounded.
Pikel hits you with a +0 whip of electrocution!
You miss Pikel.
Pikel is lightly wounded.
Pikel hits you but does no damage. x2; You are electrocuted!
You hit Pikel but do no damage.
Pikel is lightly wounded.
Pikel waves his whip at you.
Pikel hits you with a +0 whip of electrocution.
You are electrocuted!
* * * LOW HITPOINT WARNING * * *
You sock Pikel!
Pikel is moderately wounded.
Pikel hits you but does no damage.
You are electrocuted!
* * * LOW HITPOINT WARNING * * *
You hit Pikel. Your headbutt misses Pikel.
Pikel is heavily wounded.
Pikel barely misses you. You furiously retaliate!
You headbutt Pikel, but do no damage. You hit Pikel but do no damage.
You headbutt Pikel.
Pikel is heavily wounded.
Pikel hits you but does no damage.
You are electrocuted!
You die...

##########
...555K@.###
########...##
###..## ##..#
##.# #.##
#..## ##..###
##...#


You could see Pikel and 3 lemures.

Vanquished Creatures
  Prince Ribbit (D:6)
  A sky beast (D:6)
  A centaur (D:5)
  A phantom (D:5)
  A lemure (D:6)
  2 bullfrogs (D:6)
  A scorpion (D:5)
  A crimson imp (D:4)
  An orc priest (D:5)
  3 hounds (D:5)
  A jelly (D:5)
  2 iguanas
  8 orc wizards
  An adder (D:3)
  A white imp (D:6)
  An ufetubus (D:5)
  4 worms
  6 dart slugs
  11 orcs
  5 ball pythons
  7 endoplasms
  3 giant cockroaches
  6 goblins
  7 hobgoblins
  3 jackals
  4 kobolds
  6 quokkas
  3 bats
  7 frilled lizards
  A goblin skeleton (D:4)
  5 hobgoblin zombies (D:4)
  A kobold skeleton (D:4)
  2 kobold zombies (D:4)
  An orc skeleton (D:4)
  An orc zombie (D:4)
  4 rats
114 creatures vanquished.

Notes
Turn   | Place    | Note
-------+----------+-------------------------------------------
     0 | D:1      | GigaChad the Minotaur Fighter began the quest for the Orb.
     0 | D:1      | Reached XP level 1. HP: 19/19 MP: 0/0
    80 | D:1      | Identified a scroll of acquirement
    80 | D:1      | Acquired a +2 spectral quarterstaff
   169 | D:1      | Reached XP level 2. HP: 26/28 MP: 1/1
   394 | D:1      | Reached skill level 5 in Fighting
   564 | D:1      | Reached XP level 3. HP: 36/36 MP: 2/2
  1253 | D:3      | Reached XP level 4. HP: 44/44 MP: 3/3
  1328 | D:3      | Found a faded altar of an unknown god.
  1411 | D:3      | Reached skill level 4 in Armour
  1917 | D:4      | Found a staircase to the Ecumenical Temple.
  1952 | Temple   | Entered the Ecumenical Temple
  1997 | Temple   | Became a worshipper of Ashenzari the Shackled
  2245 | D:4      | Found a glowing golden altar of the Shining One.
  2260 | D:4      | Reached skill level 5 in Armour
  2260 | D:4      | Reached XP level 5. HP: 50/50 MP: 4/4
  2717 | D:5      | Entered Level 5 of the Dungeon
  2729 | D:5      | Reached skill level 6 in Armour
  2816 | D:5      | Noticed a phantom
  2822 | D:5      | Killed a phantom
  2823 | D:5      | Reached skill level 7 in Armour
  2823 | D:5      | Reached XP level 6. HP: 57/57 MP: 5/5
  2868 | D:5      | Found a bloodstained altar of Trog.
  3039 | D:5      | Reached skill level 8 in Armour
  3041 | D:5      | Reached XP level 7. HP: 59/63 MP: 6/6
  3044 | D:5      | Reached * piety under Ashenzari
  3185 | D:6      | Noticed Prince Ribbit
  3190 | D:6      | Killed Prince Ribbit
  3191 | D:6      | Reached skill level 9 in Armour
  3333 | D:6      | Found a stormy altar of Qazlal.
  3335 | D:6      | Reached skill level 10 in Armour
  3422 | D:6      | Reached XP level 8. HP: 70/70 MP: 7/7
  3507 | D:6      | Reached skill level 11 in Armour
  3632 | D:6      | Noticed Pikel
  3643 | D:6      | HP: 3/70 [Pikel/+0 whip of electrocution (15)]
  3645 | D:6      | Mangled by Pikel

Illustrated notes

Levels and vault maps discovered:
D:1:      minmay_arrival_widening_spiral_wide, layout_rooms,
          serial_bayou_pond_b, minmay_crystal_room, st_stairs_3
D:2:      layout_basic, hex_tiny, minmay_tetromino_o2
D:3:      layout_rooms, hellmonk_ecumenical_altar_inner_sanctum, st_stairs_8,
          grunt_ministairs_6
D:4:      layout_cave_pods, nicolae_tso_besieged_by_evil,
          minmay_temple_entry_arrows
D:5:      layout_rooms, kennysheep_little_box
D:6:      layout_basic, general_overflow_altar, chequers_ossuary_entry_cave,
          minmay_a_box_with_orc_wizards_in_it, uniq_pikel, uniq_prince_ribbit1
Temple:   bh_familiar_temple

Skill      XL: |  1  2  3  4  5  6  7  8 |
---------------+-------------------------+-----
Fighting       | 4 5 6 |  6.0
Armour         | 5 7 8 10 11 | 11.3
Long Blades    | |  2.4
Shields        | |  3.6

Action                   |  1- 3 |  4- 6 |  7- 9 || total
-------------------------+-------+-------+-------++-------
Melee: Long sword        |     5 |       |       ||     5
       Quarterstaff      |    48 |    64 |    39 ||   151
       Headbutt          |     5 |     8 |     7 ||    20
Invok: Curse Item        |       |     1 |     1 ||     2
  Use: Scroll            |     3 |     4 |       ||     7
Armor: Scale mail        |    42 |    43 |       ||    85
       Chain mail        |       |    22 |    36 ||    58
Dodge: Dodged            |    46 |    40 |    17 ||   103
Block: Buckler           |     3 |       |       ||     3
